 Dungeon Crawl Stone Soup version 0.29.1-12-g30fa7ad0bf (webtiles) character file.

Game seed: 4091354278035122925

260 styxcanada the Covert (level 5, -4/26 HPs)
             Began as a Spriggan Brigand on Dec 30, 2022.
             Killed from afar by Natasha (10 damage)
             ... with a magic dart
             ... on level 2 of the Dungeon.
             The game lasted 00:05:43 (1697 turns).

styxcanada the Covert (Spriggan Brigand)            Turns: 1697, Time: 00:05:43

Health: -4/26      AC:  3    Str:  7    XL:     5   Next: 95%
Magic:  6/6        EV: 18    Int: 13    God:
Gold:   53         SH:  0    Dex: 18    Spells: 4/4 levels left

rFire   . . .      SeeInvis +   a - +2 dagger
rCold   . . .      Faith    .   (no shield)
rNeg    . . .      Spirit   .   b - +0 robe
rPois   .          Reflect  .   (helmet restricted)
rElec   .          Harm     .   c - +0 cloak
rCorr   .          Rampage  .   (gloves unavailable)
Will    .....                   (boots unavailable)
Stlth   ++++......              (no amulet)
HPRegen 0.08/turn               (no ring)
MPRegen 0.10/turn               (no ring)

@: very quick
A: very small, no large weapons, unfitting armour, see invisible, speed 3
a: no special abilities


You were on level 2 of the Dungeon.
You visited 1 branch of the dungeon, and saw 2 of its levels.

You collected 53 gold pieces.

Inventory:

Hand Weapons
 a - a +2 dagger (weapon)
Missiles
 d - 9 poisoned darts (quivered)
Armour
 b - a +0 robe (worn)
 c - a +0 cloak (worn)
Scrolls
 g - a scroll of teleportation
 m - 2 scrolls of immolation
Potions
 h - a potion of heal wounds
 i - 2 potions of curing {unknown}
 k - 2 potions of haste {unknown}
 l - a potion of brilliance {unknown}
 n - a potion of attraction {unknown}


   Skills:
 * Level 2.1 Fighting
 + Level 3.0 Short Blades
 + Level 2.4 Throwing
 * Level 2.8 Dodging
 * Level 9.4 Stealth


You had 4 spell levels left.
You didn't know any spells.
Your spell library contained the following spells:

 Spells                   Type           Power      Damage    Failure   Level
 Shock                    Conj/Air       0%         1d3       30%         1


Dungeon Overview and Level Annotations

Branches:
Dungeon (2/15)

Altars:

Shops:
D:2 (

Annotations:
D:2 Natasha, Robin


Innate Abilities, Weirdness & Mutations

You are very small and have problems with some larger weapons.
You are too small for most types of armour.
You have supernaturally acute eyesight. (SInv)
You cover ground extremely quickly. (Speed+++)


Message History

The gnoll is lightly wounded.
The gnoll hits you with a +0 halberd.
* * * LOW HITPOINT WARNING * * *
You closely miss the gnoll. You punch the gnoll, but do no damage.
The gnoll is lightly wounded.
You hit the gnoll but do no damage.
The gnoll is lightly wounded.
The gnoll closely misses you. The gnoll closely misses you.
There is a stone staircase leading down here.
Throw: 2 darts (curare)
Press: ? - help, Q - select action, (/) - cycle Shift-Dir - straight line, f - gnoll
Aim: a gnoll, wielding a +0 halberd (lightly wounded, 66% to hit)
You throw a curare-tipped dart. The curare-tipped dart hits the gnoll.
The gnoll is poisoned.
The gnoll convulses.
The gnoll seems to slow down.
The gnoll is moderately wounded.
Throw: dart (curare)
Press: ? - help, Q - select action, (/) - cycle Shift-Dir - straight line, f/p - gnoll
Aim: a gnoll, wielding a +0 halberd (moderately wounded, very poisoned, slow, 66% to hit)
You throw a curare-tipped dart. The curare-tipped dart hits the gnoll.
The gnoll looks as sick as possible!
The gnoll convulses.
You kill the gnoll!
You start resting.
Natasha, Servant of Life and Death comes into view.
She is carrying a wand of polymorph (12).
Throw: 11 darts (poison)
Press: ? - help, Q - select action Shift-Dir - straight line, f - Natasha
Aim: Natasha, carrying a wand of polymorph (12) (wandering, hasn't noticed you, 56% to hit)
You throw a poisoned dart. The poisoned dart hits Natasha.
Natasha is poisoned.
Natasha hisses angrily.
Throw: 10 darts (poison)
Press: ? - help, Q - select action Shift-Dir - straight line, f/p - Natasha
Aim: Natasha, carrying a wand of polymorph (12) (lightly wounded, poisoned, 56% to hit)
You throw a poisoned dart. The poisoned dart hits Natasha.
Natasha looks even sicker.
Natasha is lightly wounded.
Natasha casts a spell at you. The magic dart hits you!
You die...

## .# #...^.#.#.#.# .## .# #.#
###.^##.#.#.# ..# .# #.#
#.^..#.#..# #.#### ##.# #.#
###.^##.#...# .....###.. #.#
#......#...## #.##..##.# #.#
#....##..)## #...#.##.# #.#
#........####
###.#.#)†#####.######...##.......
#.#.#.##.)>...@.......##.......
###...)....##..######h(..........
)....(.######.## #...##.......
##.!...#### #.# #...##.......
#...##....###.# #...##..†....
.....####.....#######...##>......
...................########......
.##...######)..###..........####.
###..g#####....))........##.#....


You could see Natasha (very poisoned).

Vanquished Creatures
  Sigmund (D:2)
  Natasha (D:2)
  2 gnolls (D:2)
  2 adders (D:2)
  A worm (D:2)
  A dart slug (D:2)
  2 endoplasms
  12 goblins
  2 hobgoblins (D:2)
  A quokka (D:1)
  3 ball pythons (D:2)
  4 bats
  A frilled lizard (D:2)
  4 rats (D:2)
37 creatures vanquished.

Vanquished Creatures (others)
  4 fungi (D:2)
  5 plants (D:2)
9 creatures vanquished.

Grand Total: 46 creatures vanquished

Notes
Turn   | Place    | Note
-------+----------+-------------------------------------------
     0 | D:1      | styxcanada the Spriggan Brigand began the quest for the
                  | Orb.
     0 | D:1      | Reached XP level 1. HP: 10/10 MP: 2/2
    90 | D:1      | Reached skill level 6 in Stealth
   882 | D:2      | Noticed Robin
   887 | D:2      | Reached XP level 2. HP: 7/14 MP: 3/3
  1034 | D:2      | Reached skill level 7 in Stealth
  1165 | D:2      | Noticed Sigmund
  1171 | D:2      | Killed Sigmund
  1172 | D:2      | Reached skill level 8 in Stealth
  1172 | D:2      | Reached XP level 3. HP: 11/18 MP: 4/4
  1172 | D:2      | Reached XP level 4. HP: 15/23 MP: 5/5
  1172 | D:2      | Reached XP level 5. HP: 17/26 MP: 6/6
  1179 | D:2      | Reached skill level 9 in Stealth
  1467 | D:2      | Found a faded altar of an unknown god.
  1475 | D:2      | Got Plato's Volume of the Squall
  1526 | D:2      | Found Kocwid's Weapon Emporium.
  1611 | D:2      | Noticed Natasha
  1626 | D:2      | Killed Natasha
  1695 | D:2      | Noticed Natasha
  1697 | D:2      | Killed from afar by Natasha

Illustrated notes

Levels and vault maps discovered:
D:1:      wander_arrival_desolate, layout_basic
D:2:      layout_rooms, serial_shops, nicolae_shop_hallway_plus,
          shapermc_ecumenical_altar_rom_forum, uniq_natasha, uniq_sigmund,
          uniq_robin

Skill      XL: |  1  2  3  4  5 |
---------------+----------------+-----
Stealth        | 6 8 9 |  9.4
Fighting       | 2 |  2.1
Dodging        | 2 |  2.8
Short Blades   | 3 |  3.0
Throwing       | |  2.4

Action                   |  1- 3 |  4- 6 || total
-------------------------+-------+-------++-------
Melee: Dagger            |    47 |    38 ||    85
       Unarmed           |       |     9 ||     9
       Punch             |       |     1 ||     1
Throw: Dart              |    13 |     4 ||    17
  Use: Scroll            |       |     5 ||     5
 Stab: Sleeping          |     6 |     2 ||     8
       Distracted        |     1 |       ||     1
Armor: Robe              |    15 |     3 ||    18
       Skin              |       |     1 ||     1
Dodge: Dodged            |    26 |    22 ||    48
